 Dungeon Crawl Stone Soup version 0.20-a0-927-g1ae2c61 (webtiles) character file.

452201 Lifeless the Minotaur Barricade (level 22, -3/322 HPs)
             Began as a Minotaur Fighter on Mar 28, 2017.
             Was the Champion of the Shining One.
             Slain by a two-headed ogre
             ... wielding a +0 giant spiked club
              (14 damage)
             ... on level 4 of the Vaults.
             The game lasted 06:12:07 (58967 turns).

Lifeless the Minotaur Barricade (Minotaur Fighter) Turns: 58967, Time: 06:12:08

Health: -3/322     AC: 31    Str: 35    XL:     22   Next: 91%
Magic:  23/23      EV:  2    Int: 13    God:    the Shining One [******]
Gold:   3317       SH:  0    Dex: 25    Spells: 21/21 levels left

rFire    . . .     SeeInvis .   F - +9 scimitar (slice)
rCold    . . .     Gourm    .   L - +0 large shield
rNeg     + + +     Faith    .   (armour currently unavailable)
rPois    +         Spirit   .   (helmet currently unavailable)
rElec    .         Reflect  +   (cloak currently unavailable)
rCorr    .         Harm     .   (gloves currently unavailable)
MR       .....     NoTele   +   (boots currently unavailable)
Stlth    +.........             u - amulet of Zeym Qet {Reflect MR- Dex+4 SH+4}
Regen    0.0/turn               k - +5 ring of strength
MPRegen  0.2/turn               d - ring of Tidywari {rPois Str+7 Int+3 Dex+3}

@: confused, brilliant, tree-form, marked, slowed, glowing, studying Short
Blades, very slow
A: (retaliatory headbutt), (horns 0), (large bone plates 0), (molten scales 0),
(camouflage 0), low mp 1, inhibited regeneration, no potion heal 1
}: 3/15 runes: decaying, slimy, gossamer
a: Divine Shield, Cleansing Flame, Summon Divine Warrior, Renounce Religion


You were on level 4 of the Vaults.
You worshipped the Shining One.
The Shining One was exalted by your worship.
You were not hungry.
You were a tree.
You visited 9 branches of the dungeon, and saw 44 of its levels.
You visited the Abyss 4 times.

You collected 5408 gold pieces.
You spent 2091 gold pieces at shops.

Inventory:

Hand Weapons
 F - a +9 scimitar of slicing (weapon)
Armour
 h - a +2 plate armour of magic resistance (melded)
 r - a +2 cloak of poison resistance (melded)
 y - a +0 plate armour of fire resistance
 D - a scarf of cold resistance
 E - a +2 pair of gloves (melded)
 J - a +2 pair of boots (melded)
 L - a +0 large shield (worn)
 N - +3 swamp dragon scales
Jewellery
 d - the ring of Tidywari (right branch) {rPois Str+7 Int+3 Dex+3}
   (You found it on level 5 of the Pits of Slime)

   [ring of poison resistance]

   It affects your strength (+7).
   It affects your intelligence (+3).
   It affects your dexterity (+3).
   It protects you from poison.
 k - a +5 ring of strength (left branch)
 o - an uncursed ring of resist corrosion
 s - an uncursed ring of fire
 t - an uncursed ring of poison resistance
 u - the amulet of Zeym Qet (around neck) {Reflect MR- Dex+4 SH+4}
   (You found it on level 5 of the Dungeon)

   [amulet of reflection]

   It shields you and reflects attacks.
   It affects your dexterity (+4).
   It affects your resistance to hostile enchantments.
   It affects your SH (+4).
 x - a +3 ring of evasion
 A - an uncursed ring of flight
 C - an uncursed ring of ice
 P - an uncursed ring of fire
Wands
 b - a wand of acid (7/15)
 m - a wand of lightning (4/15)
 n - a wand of acid (11/15)
 q - a wand of iceblast (10/15)
 R - a wand of digging (17/24)
 S - a wand of lightning (11/15)
Scrolls
 a - 4 scrolls of identify
 c - a scroll of silence
 l - a scroll of blinking
 v - 12 scrolls of remove curse
 B - 6 scrolls of recharging
 H - 4 scrolls of holy word
 I - 6 scrolls of fear
 K - 3 scrolls of brand weapon
Potions
 e - 2 potions of ambrosia
 f - 7 potions of flight
 g - 2 potions of lignification
 j - 7 potions of brilliance
 U - a potion of invisibility
 W - a potion of magic
Books
 V - a manual of Short Blades
Miscellaneous
 i - a lightning rod (4/4)
 M - a lamp of fire
 O - a phial of floods
Comestibles
 G - 4 bread rations
 T - 5 meat rations


   Skills:
 + Level 21.9 Fighting
 + Level 22.8 Long Blades
 + Level 15.2 Armour
 + Level 12.7 Dodging
 O Level 27 Shields
 + Level 7.0 Invocations


You had 21 spell levels left.
You didn't know any spells.

Dungeon Overview and Level Annotations

Branches:
Dungeon (15/15)            Temple (1/1) D:4            Lair (6/6) D:8
  Swamp (4/4) Lair:3       Spider (4/4) Lair:4        Slime (5/5) Lair:6
    Orc (2/2) D:9             Elf (3/3) Orc:2        Vaults (4/5) D:14
  Crypt (0/3) Vaults:2     Depths (0/5) D:15

Altars:
Ashenzari
Cheibriados
Dithmenos
Elyvilon
Fedhas
Gozag
Hepliaklqana
Kikubaaqudgha
Makhleb
Nemelex Xobeh
Okawaru
Qazlal
Ru
Sif Muna
Trog
Uskayaw
Vehumet
Wu Jian
Xom
Yredelemnul
Zin
The Shining One
Beogh
Jiyva

Shops:
D:5 *   D:7 (   D:8 ?   D:9 [   Orc:1 (   Orc:2 [!?([

Annotations:
D:8 exclusion: ice statue
D:12 1 runed door, exclusion: 4 orange crystal statues
Lair:6 exclusion: oklob plant
Vaults:4 Mennas


Innate Abilities, Weirdness & Mutations

((You reflexively headbutt those who attack you in melee.))
((You have a pair of horns on your head.))
((You are partially covered in large bone plates. (SH +4)))
((You are partially covered in molten scales. (AC +2)))
((Your skin changes colour to match your surroundings (Stealth+).))
Your magical capacity is low. (-10% MP)
You do not regenerate when monsters are visible.
Potions are less effective at restoring your health.


Message History

You cannot move. (Use ctrl+direction to attack without moving.)
You cannot move. (Use ctrl+direction to attack without moving.)
There are monsters nearby!
There are monsters nearby!
You cannot move. (Use ctrl+direction to attack without moving.)
You feel clever all of a sudden.
The runic seals fade away.
The two-headed ogre hits you with a giant club.
* * * LOW HITPOINT WARNING * * *
The two-headed ogre hits you but does no damage.
Mennas hits you but does no damage. x2
The ironheart preserver hits you but does no damage.
The ogre mage hits you but does no damage.
The two-headed ogre hits you with a giant club!
* * * LOW HITPOINT WARNING * * *
The two-headed ogre hits you but does no damage.
The two-headed ogre hits you with a giant spiked club.
* * * LOW HITPOINT WARNING * * *
The two-headed ogre hits you with a giant club!
You die...

........# #........#
........# #........#
........# #........# ##.
........# #........#
..#.
###############+######..
.............[.......+.
..........p.p........#
###########.)..pOp)).#
#......._(+)).Op♣O.).#
#......((÷#)..pOAO)..#
#.........#(...)O))..#
#.........#..)..(....#
#....)....#...T......#
#...[.....#..........#
######'#######.......# .
#<....# #(......#
#.....# #.......#


You could see Mennas, 2 ironheart preservers, a vault warden, a death knight, 4
two-headed ogres, an ogre mage (invisible), a deep troll, a vault sentinel, an
ironbrand convoker and an ogre.

Vanquished Creatures
  the Royal Jelly (Slime:5)
  Dissolution (Slime:3)
  Saint Roka (Elf:2)
  Nikola (Swamp:3)
  A profane servitor (Abyss:2)
  2 bone dragons
  2 deep elf blademasters (Elf:3)
  A deep elf master archer (Elf:3)
  37 acid blobs
  A thorn hunter (Swamp:1)
  A tengu reaver (Vaults:3)
  13 azure jellies
  2 fire giants
  2 deep elf sorcerers (Elf:3)
  10 vault wardens
  An orc warlord (Vaults:4)
  A frost giant (Vaults:3)
  3 ghost moths
  Louise (Elf:2)
  4 emperor scorpions
  4 deep elf elementalists
  A war gargoyle (Vaults:2)
  3 very ugly things (Vaults:4)
  9 ironheart preservers
  6 stone giants
  2 entropy weavers
  6 deep elf demonologists
  Azrael (Spider:1)
  A dire elephant (Lair:6)
  7 deep elf annihilators
  A spark wasp (Spider:4)
  Snorg (Orc:1)
  A deep elf death mage (Elf:3)
  An ettin (Vaults:3)
  4 yaktaur captains
  3 fire dragons
  14 vault guards
  7 ogre magi
  2 deep elf high priests (Elf:3)
  5 death oozes
  5 great orbs of eyes
  2 rakshasas (Vaults:1)
  18 hydras
  4 centaur warriors
  A ghost crab (Swamp:4)
  An anaconda (Lair:5)
  27 dancing weapons
  25 two-headed ogres
  A merfolk avatar (Lair:6)
  8 death scarabs (Spider:4)
  A tengu warrior (D:14)
  13 alligators
  11 orc high priests
  3 death yaks (Lair:6)
  2 thrashing horrors (Abyss:2)
  Nergalle (Lair:3)
  16 deep elf knights
  A wretched star (Abyss:2)
  2 spatial maelstroms (Abyss:2)
  9 skeletal warriors (Vaults:2)
  A shadow wraith (Vaults:2)
  A flayed ghost (Vaults:3)
  A sea snake (Lair:6)
  A spriggan druid (Swamp:3)
  3 shambling mangroves (Swamp:3)
  2 unseen horrors
  2 spectral hydras (Swamp:4)
  A deep troll (Vaults:1)
  4 swamp dragons
  4 wizards
  A glowing orange brain (Slime:4)
  A death drake (shapeshifter) (Vaults:1)
  12 ironbrand convokers
  19 deep elf archers
  A spectral wolf spider (Spider:4)
  41 ugly things
  7 harpies
  2 phantasmal warriors
  22 orc knights
  56 deep elf magi
  2 wolf spider zombies
  3 necromancers
  2 cyclopes (Vaults:1)
  18 orb spiders
  4 orc sorcerers
  A tengu skeleton (Vaults:1)
  31 wolf spiders
  13 shining eyes
  A salamander (shapeshifter) (Vaults:3)
  5 manticores
  8 black mambas
  A guardian serpent (Abyss:2)
  A fire giant skeleton (Vaults:2)
  A worldbinder (Abyss:3)
  3 moths of wrath (Spider:4)
  11 vault sentinels
  7 elephants
  4 centaur zombies
  3 stone giant skeletons
  24 spiny frogs
  2 smoke demons (Abyss:2)
  3 torpor snails
  5 eyes of devastation
  A yaktaur zombie (Vaults:2)
  2 gargoyles
  4 swamp worm zombies (Swamp:4)
  2 redback zombies (Spider:4)
  4 rime drakes
  11 komodo dragons
  8 demonic crawlers
  2 spectral redbacks (Spider:4)
  A tengu conjurer (D:14)
  4 hydra zombies (Swamp:4)
  3 freezing wraiths
  14 yaktaurs
  6 human skeletons (Vaults:2)
  2 ancient zymes (Abyss:2)
  37 jumping spiders
  A merfolk (D:10)
  21 hornets
  8 polar bears
  8 tyrant leeches
  5 trolls
  A queen bee (shapeshifter) (Vaults:3)
  8 spectral jumping spiders
  A spectral tarantella (Spider:4)
  Grinder (D:4)
  A wind drake (Lair:6)
  A hornet (shapeshifter) (Elf:1)
  A jumping spider zombie (Spider:4)
  Prince Ribbit (D:5)
  201 slime creatures
  A dream sheep (shapeshifter) (Vaults:1)
  9 hippogriffs
  5 raiju (Abyss:2)
  A raiju (shapeshifter) (Vaults:1)
  3 alligator zombies (Swamp:4)
  13 bog bodies
  34 blink frogs
  2 spectral swamp dragons (Swamp:4)
  A black mamba zombie (Abyss:2)
  2 water elementals
  5 spriggans
  A spriggan (shapeshifter) (D:13)
  5 starcursed masses (Abyss:2)
  A vampire (D:12)
  81 redbacks
  47 yaks
  2 air elementals (Elf:2)
  4 wyverns
  2 ettin skeletons (Vaults:2)
  3 basilisks
  4 shadows
  3 wraiths
  2 ynoxinuls (Abyss:2)
  3 fire elementals
  40 tarantellas
  8 golden eyes
  A golden eye (shapeshifter) (Vaults:1)
  A human (shapeshifter) (Elf:2)
  A steam dragon (shapeshifter) (Vaults:2)
  2 human simulacra (Vaults:1)
  2 neqoxecs (Abyss:2)
  2 hungry ghosts
  3 chaos spawn (Abyss:2)
  15 swamp worms
  14 wargs
  An acid dragon (D:11)
  36 vampire mosquitoes
  A soldier ant (D:15)
  10 large abominations (Abyss:2)
  A soldier ant (shapeshifter) (Elf:3)
  27 insubstantial wisps
  An ogre skeleton (Vaults:1)
  3 spectral hornets (Spider:4)
  16 water moccasins
  3 hell hounds
  12 porcupines
  A hornet zombie (Spider:4)
  7 black bears
  23 ogres
  11 swamp drakes
  7 ice beasts
  38 orc warriors
  8 sky beasts
  3 swamp dragon zombies (Swamp:4)
  10 eyes of draining
  3 necrophages
  8 phantoms
  12 boggarts
  22 wolves
  8 centaurs
  14 crocodiles
  A human zombie (Vaults:2)
  7 big kobolds
  19 bullfrogs
  3 earth elementals
  6 small abominations
  A wyvern zombie (D:13)
  2 wyvern skeletons
  4 scorpions
  6 killer bees (D:8)
  7 wights
  3 howler monkeys
  4 electric eels
  8 crimson imps
  A quasit (Abyss:2)
  3 bullfrog zombies
  3 jellies
  12 hounds
  5 centaur skeletons
  45 orc priests
  A bullfrog skeleton (D:11)
  24 orc wizards
  4 iguanas
  2 spectral swamp drakes (Swamp:4)
  4 hell rats (Lair:5)
  10 worker ants
  A killer bee zombie (D:6)
  A worker ant zombie (D:5)
  4 gnolls (D:6)
  15 adders
  2 swamp drake zombies (Swamp:4)
  2 shadow imps
  12 white imps (D:12)
  3 oozes
  2 adder zombies
  An adder skeleton (D:4)
  5 worms
  3 dart slugs
  5 leopard geckos
  102 orcs
  11 giant cockroaches
  12 goblins
  5 hobgoblins
  6 jackals (D:3)
  36 kobolds
  6 quokkas
  5 bats
  2 frilled lizards
  2 leopard gecko zombies
  A quokka zombie (D:5)
  10 rats
2059 creatures vanquished.

Vanquished Creatures (collateral kills)
  Jory (Vaults:2)
  An emperor scorpion (Spider:4)
  A stone giant (Vaults:2)
  A ghost crab (Swamp:4)
  A spectral wolf spider (Spider:4)
  2 wolf spider zombies (Spider:4)
  A moth of wrath (Spider:4)
  A demonic crawler (Spider:4)
  A redback zombie (Spider:4)
  A troll (Elf:2)
  A jumping spider (Spider:4)
  A spectral jumping spider (Spider:4)
  A jumping spider zombie (Spider:4)
  A spectral hornet (Spider:4)
  A phantom (Swamp:4)
  An orc (Elf:2)
17 creatures vanquished.

Vanquished Creatures (others)
  A deep elf master archer (Elf:3)
  An alligator (Swamp:1)
  A deep elf knight (Elf:2)
  3 deep elf archers
  3 deep elf magi
  A cyclops (D:15)
  7 yaktaurs
  A jumping spider (Spider:1)
  A tyrant leech (Swamp:4)
  A redback (Spider:4)
  A swamp worm (Swamp:2)
  An orc warrior (Elf:2)
  A swamp drake (Swamp:4)
  4 centaurs
  5 orcs
  3 kobolds
  10 fungi
  A lurking horror (Abyss:2)
  21 plants (Lair:6)
67 creatures vanquished.

Grand Total: 2143 creatures vanquished

Notes
Turn   | Place    | Note
-------+----------+-------------------------------------------
     0 | D:1      | Lifeless the Minotaur Fighter began the quest for the Orb.
     0 | D:1      | Reached XP level 1. HP: 19/19 MP: 0/0
    94 | D:1      | Reached XP level 2. HP: 21/27 MP: 1/1
   232 | D:1      | Reached skill level 4 in Shields
   518 | D:1      | Reached XP level 3. HP: 33/33 MP: 2/2
   779 | D:2      | Found a shattered altar of Ashenzari.
   834 | D:2      | Found a glowing silver altar of Zin.
  1085 | D:2      | Reached XP level 4. HP: 33/40 MP: 3/3
  1819 | D:3      | Found a hazy altar of Hepliaklqana.
  1957 | D:3      | Reached skill level 1 in Dodging
  2260 | D:3      | Reached XP level 5. HP: 47/47 MP: 4/4
  2420 | D:3      | Reached skill level 5 in Shields
  2604 | D:3      | Found a burning altar of Makhleb.
  2688 | D:4      | Found a blossoming altar of Fedhas.
  2692 | D:4      | Noticed Grinder
  2701 | D:4      | Killed Grinder
  2701 | D:4      | Reached skill level 5 in Long Blades
  2701 | D:4      | Reached skill level 5 in Armour
  2701 | D:4      | Reached XP level 6. HP: 45/53 MP: 5/5
  3053 | D:4      | Reached XP level 7. HP: 58/60 MP: 6/6
  3186 | D:4      | Reached skill level 5 in Fighting
  3222 | D:4      | Found a staircase to the Ecumenical Temple.
  3234 | Temple   | Entered the Ecumenical Temple
  3808 | D:5      | Entered Level 5 of the Dungeon
  4107 | D:5      | Reached skill level 6 in Shields
  4281 | D:5      | Noticed Prince Ribbit
  4295 | D:5      | Killed Prince Ribbit
  4343 | D:5      | Reached XP level 8. HP: 62/69 MP: 7/7
  4499 | D:5      | Got a clouded bronze amulet
  4500 | D:5      | Identified the amulet of Zeym Qet {Reflect MR- Dex+4 SH+4} (You found it on level 5 of the Dungeon)
  4512 | D:5      | Found Saoczuhif's Assorted Antiques.
  4583 | D:6      | Noticed a troll
  4595 | D:6      | Killed a troll
  4821 | D:6      | Found an opulent altar of Gozag.
  4826 | D:6      | Found a stormy altar of Qazlal.
  4840 | D:6      | Found a deep blue altar of Sif Muna.
  4858 | D:6      | Found a shimmering altar of Xom.
  5798 | D:7      | Found a sand-covered staircase.
  5806 | D:7      | Reached skill level 7 in Shields
  5851 | D:7      | Found Xeag's Weapon Shop.
  6070 | D:7      | Reached XP level 9. HP: 68/75 MP: 8/8
  6137 | D:7      | Found a shadowy altar of Dithmenos.
  6275 | D:7      | Found a glowing golden altar of the Shining One.
  6291 | D:7      | Became a worshipper of the Shining One
  6798 | D:8      | Reached skill level 10 in Long Blades
  6817 | D:8      | Reached skill level 8 in Shields
  7029 | D:8      | Noticed a two-headed ogre
  7052 | D:8      | Found Fuidigeu's Magic Scroll Boutique.
  7228 | D:8      | Killed a two-headed ogre
  7290 | D:8      | Bought a scroll of remove curse for 45 gold pieces
  7451 | D:8      | Reached XP level 10. HP: 86/86 MP: 9/9
  7462 | D:8      | Reached skill level 9 in Shields
  7487 | D:8      | Noticed an ice statue
  7735 | D:8      | Found a staircase to the Lair.
  7786 | D:8      | Found a white marble altar of Elyvilon.
  7794 | D:8      | Found an ornate altar of the Wu Jian Council.
  7851 | D:8      | Noticed a two-headed ogre
  7863 | D:8      | Killed a two-headed ogre
  8451 | D:9      | Found Ejuwkuys's Antique Armour Boutique.
  8457 | D:9      | Bought a runed scarf for 232 gold pieces
  8642 | D:9      | Found a basalt altar of Yredelemnul.
  8814 | D:9      | Reached * piety under the Shining One
  8830 | D:9      | Found a staircase to the Orcish Mines.
  9231 | D:10     | Entered Level 10 of the Dungeon
  9289 | D:10     | Reached skill level 10 in Shields
  9691 | D:10     | Noticed a two-headed ogre
  9702 | D:10     | Killed a two-headed ogre
  9702 | D:10     | Reached XP level 11. HP: 97/97 MP: 10/10
  9798 | D:10     | Noticed a two-headed ogre
  9808 | D:10     | Killed a two-headed ogre
  9816 | D:10     | Reached ** piety under the Shining One
  9849 | D:10     | Reached skill level 11 in Shields
  9958 | D:10     | Noticed a two-headed ogre
  9966 | D:10     | Killed a two-headed ogre
 10155 | D:11     | Noticed an unseen horror
 10161 | D:11     | Killed an unseen horror
 10174 | D:11     | Noticed a purple ugly thing
 10182 | D:11     | Killed a purple ugly thing
 10206 | D:11     | Noticed a two-headed ogre
 10215 | D:11     | Killed a two-headed ogre
 10254 | D:11     | Reached skill level 10 in Fighting
 10709 | D:11     | Found a basalt altar of Yredelemnul.
 11136 | D:12     | Found a frozen archway.
 11136 | D:12     | Reached *** piety under the Shining One
 11193 | D:12     | Reached skill level 12 in Shields
 11201 | D:12     | Found a runed door.
 11208 | D:12     | Noticed an orange crystal statue
 11208 | D:12     | Noticed an orange crystal statue
 11208 | D:12     | Noticed an orange crystal statue
 11208 | D:12     | Noticed an orange crystal statue
 11347 | D:12     | Reached XP level 12. HP: 99/106 MP: 11/11
 11436 | D:12     | Reached skill level 10 in Armour
 11755 | D:12     | Noticed a centaur warrior
 11764 | D:12     | Killed a centaur warrior
 11818 | D:12     | Reached **** piety under the Shining One
 12107 | D:12     | Found a runed door.
 12296 | D:13     | Reached skill level 13 in Shields
 12596 | D:13     | Found a glowing golden altar of the Shining One.
 12718 | D:13     | Reached ***** piety under the Shining One
 13145 | D:14     | Reached skill level 15 in Long Blades
 13249 | D:14     | Reached skill level 14 in Shields
 13510 | D:14     | Reached XP level 13. HP: 105/116 MP: 12/12
 13588 | D:14     | Found a gate to the Vaults.
 14181 | D:15     | Entered Level 15 of the Dungeon
 14712 | D:15     | Reached skill level 1 in Invocations
 14868 | D:15     | Reached skill level 15 in Shields
 15128 | D:15     | Noticed a fire giant
 15242 | D:15     | Killed a fire giant
 15248 | D:15     | Found a staircase to the Depths.
 15612 | Lair:1   | Entered Level 1 of the Lair of Beasts
 16118 | Lair:1   | Reached XP level 14. HP: 127/127 MP: 14/14
 16184 | Lair:1   | Reached skill level 16 in Shields
 18027 | Lair:3   | Found a staircase to the Swamp.
 18075 | Lair:3   | Noticed Nergalle
 18084 | Lair:3   | Killed Nergalle
 18184 | Lair:3   | Reached skill level 17 in Shields
 19291 | Lair:4   | Found a hole to the Spider Nest.
 20065 | Lair:5   | Reached ****** piety under the Shining One
 20525 | Lair:6   | Entered Level 6 of the Lair of Beasts
 20595 | Lair:6   | Found a staircase to the Slime Pits.
 20595 | Lair:6   | Found a viscous altar of Jiyva.
 21185 | Lair:6   | Reached XP level 15. HP: 138/138 MP: 15/15
 21604 | Lair:6   | Reached skill level 18 in Shields
 22842 | Swamp:1  | Entered Level 1 of the Swamp
 22927 | Swamp:1  | Noticed a thorn hunter
 22938 | Swamp:1  | Killed a thorn hunter
 23799 | Swamp:2  | Reached skill level 19 in Shields
 24049 | Swamp:2  | Reached skill level 5 in Dodging
 24315 | Swamp:2  | Reached skill level 15 in Fighting
 25314 | Swamp:2  | Reached XP level 16. HP: 140/149 MP: 16/16
 25696 | D:11     | Identified a scimitar of holy wrath (a scimitar blessed by the Shining One)
 25696 | D:11     | Received a gift from the Shining One
 25957 | Swamp:3  | Noticed Nikola
 25968 | Swamp:3  | Killed Nikola
 27045 | Swamp:4  | Entered Level 4 of the Swamp
 27383 | Swamp:4  | Reached skill level 20 in Shields
 28989 | Swamp:4  | Noticed a bone dragon
 29401 | Orc:1    | Entered Level 1 of the Orcish Mines
 29834 | Orc:1    | Found Laicibats's Weapon Shoppe.
 29844 | Orc:1    | Noticed Snorg
 29858 | Orc:1    | Killed Snorg
 29981 | Orc:2    | Entered Level 2 of the Orcish Mines
 30257 | Orc:2    | Reached XP level 17. HP: 109/158 MP: 18/18
 30348 | Orc:2    | Found a dark tunnel.
 30557 | Orc:2    | Found Beuhij's Distillery.
 30557 | Orc:2    | Found Herghim's Armour Emporium.
 30567 | Orc:2    | Bought a potion of curing for 42 gold pieces
 30567 | Orc:2    | Bought a potion of curing for 42 gold pieces
 30567 | Orc:2    | Bought a potion of ambrosia for 112 gold pieces
 30593 | Orc:2    | Found a roughly hewn altar of Beogh.
 30639 | Orc:2    | Found Hecho's Magic Scroll Boutique.
 30647 | Orc:2    | Bought a scroll of identify for 28 gold pieces
 30647 | Orc:2    | Bought a scroll of enchant weapon for 105 gold pieces
 30647 | Orc:2    | Bought a scroll of identify for 28 gold pieces
 30647 | Orc:2    | Bought a scroll of enchant armour for 105 gold pieces
 30768 | Orc:2    | Found Poutaow's Antique Weapon Emporium.
 30805 | Orc:2    | Found Itoy's Antique Armour Shop.
 30822 | Orc:2    | Bought a runed plate armour for 572 gold pieces
 30885 | Orc:2    | Found a staircase to the Elven Halls.
 31065 | Elf:1    | Entered Level 1 of the Elven Halls
 31140 | Elf:1    | Found a shimmering altar of Xom.
 31191 | Elf:1    | Reached skill level 21 in Shields
 31625 | Elf:1    | Cast into level 2 of the Abyss (a deep elf demonologist)
 31626 | Abyss:2  | Found a corrupted altar of Lugonu.
 31689 | Abyss:2  | Noticed a profane servitor
 31704 | Abyss:2  | Killed a profane servitor
 31811 | Abyss:2  | Gained mutation: You are weak. (Str -2) [a neqoxec]
 31842 | Abyss:2  | Noticed a bone dragon
 31860 | Abyss:2  | Killed a bone dragon
 31972 | Elf:1    | Escaped the Abyss
 31975 | Elf:1    | Noticed an Ice Fiend
 32897 | Swamp:4  | Killed a bone dragon
 33670 | Swamp:4  | Got a decaying rune of Zot
 33986 | Spider:1 | Entered Level 1 of the Spider Nest
 34404 | Spider:1 | Noticed Azrael
 34733 | Spider:1 | Killed Azrael
 35148 | Spider:1 | Lost mutation: You are weak. (Str -2) [potion of mutation]
 35148 | Spider:1 | Gained mutation: You are robust. (+10% HP) [potion of mutation]
 35148 | Spider:1 | Gained mutation: Your flesh is cold resistant. (rC+) [potion of mutation]
 35417 | Spider:2 | Reached skill level 22 in Shields
 35571 | Spider:2 | Reached XP level 18. HP: 184/184 MP: 20/20
 37511 | Spider:4 | Entered Level 4 of the Spider Nest
 38165 | Spider:4 | Reached skill level 10 in Dodging
 39128 | Spider:4 | Reached skill level 23 in Shields
 39168 | Spider:4 | Got a gossamer rune of Zot
 39412 | Slime:1  | Entered Level 1 of the Pits of Slime
 39462 | Slime:1  | Gained mutation: You occasionally shout uncontrollably at your foes. [a shining eye]
 39466 | Slime:1  | Gained mutation: You tend to lose your temper in combat. [a shining eye]
 39468 | Slime:1  | Gained mutation: You do not regenerate when monsters are visible. [a shining eye]
 39573 | Slime:1  | Paralysed by a great orb of eyes for 2 turns
 39576 | Slime:1  | Reached XP level 19. HP: 136/196 MP: 17/21
 39667 | Slime:1  | Lost mutation: You are robust. (+10% HP) [a shining eye]
 39669 | Slime:1  | Gained mutation: You are covered in fur. (AC +1) [a shining eye]
 40046 | Slime:1  | Gained mutation: Your spells are a little easier to cast, but a little less powerful. [a shining eye]
 40338 | Slime:1  | Lost mutation: Your spells are a little easier to cast, but a little less powerful. [potion of mutation]
 40338 | Slime:1  | Lost mutation: You tend to lose your temper in combat. [potion of mutation]
 40338 | Slime:1  | Lost mutation: You are covered in fur. (AC +1) [potion of mutation]
 40338 | Slime:1  | Gained mutation: You are agile. (Dex +2) [potion of mutation]
 40338 | Slime:1  | Gained mutation: Your mind is acute. (Int +2) [potion of mutation]
 40340 | Slime:1  | Lost mutation: Your mind is acute. (Int +2) [potion of mutation]
 40340 | Slime:1  | Lost mutation: You are agile. (Dex +2) [potion of mutation]
 40340 | Slime:1  | Lost mutation: Your flesh is cold resistant. (rC+) [potion of mutation]
 40340 | Slime:1  | Lost mutation: You occasionally shout uncontrollably at your foes. [potion of mutation]
 40340 | Slime:1  | Gained mutation: You are partially covered in large bone plates. (SH +4) [potion of mutation]
 40340 | Slime:1  | Gained mutation: Your skin changes colour to match your surroundings (Stealth+). [potion of mutation]
 40709 | Slime:1  | Gained mutation: Your system is resistant to poisons. (rPois) [a shining eye]
 40711 | Slime:1  | Gained mutation: You expend magic power (3 MP) to strengthen your wands. [a shining eye]
 40833 | Slime:1  | Gained mutation: You occasionally shout uncontrollably at your foes. [a shining eye]
 40842 | Slime:1  | Gained mutation: Your body sometimes deteriorates upon taking damage. [a shining eye]
 40845 | Slime:1  | Gained mutation: You sometimes yell uncontrollably at your foes. [a shining eye]
 40933 | Slime:1  | Lost mutation: You sometimes yell uncontrollably at your foes. [potion of mutation]
 40933 | Slime:1  | Lost mutation: You occasionally shout uncontrollably at your foes. [potion of mutation]
 40933 | Slime:1  | Lost mutation: Your body sometimes deteriorates upon taking damage. [potion of mutation]
 40933 | Slime:1  | Lost mutation: You expend magic power (3 MP) to strengthen your wands. [potion of mutation]
 40933 | Slime:1  | Gained mutation: You are dopey. (Int -2) [potion of mutation]
 40933 | Slime:1  | Gained mutation: You passively map a small area around you. [potion of mutation]
 40933 | Slime:1  | Lost mutation: You do not regenerate when monsters are visible. [potion of mutation]
 42009 | Slime:3  | HP: 7/180 [very large slime creature (47)]
 42407 | Slime:3  | Reached skill level 24 in Shields
 42724 | Slime:4  | Noticed Dissolution
 42739 | Slime:3  | Killed Dissolution
 43439 | Slime:4  | Gained mutation: Your spells are a little easier to cast, but a little less powerful. [a shining eye]
 43441 | Slime:4  | Gained mutation: You expend magic power (3 MP) to strengthen your wands. [a shining eye]
 43454 | Slime:4  | Gained mutation: Your spells are easier to cast, but less powerful. [a shining eye]
 44152 | Slime:5  | Entered Level 5 of the Pits of Slime
 44442 | Slime:5  | Gained mutation: You are clumsy. (Dex -2) [a shining eye]
 44447 | Slime:5  | Lost mutation: Your spells are easier to cast, but less powerful. [a shining eye]
 44448 | Slime:5  | Gained mutation: Scrolls take you a little longer to read. [a shining eye]
 44501 | Slime:5  | Gained mutation: Potions are less effective at restoring your health. [a shining eye]
 44602 | Slime:5  | Reached XP level 20. HP: 138/189 MP: 22/22
 44947 | Slime:5  | Lost mutation: You are dopey. (Int -2) [potion of mutation]
 44947 | Slime:5  | Lost mutation: Your spells are a little easier to cast, but a little less powerful. [potion of mutation]
 44947 | Slime:5  | Lost mutation: Your system is resistant to poisons. (rPois) [potion of mutation]
 44947 | Slime:5  | Lost mutation: You passively map a small area around you. [potion of mutation]
 44947 | Slime:5  | Lost mutation: Scrolls take you a little longer to read. [potion of mutation]
 44947 | Slime:5  | Gained mutation: Your magical capacity is low. (-10% MP) [potion of mutation]
 44947 | Slime:5  | Gained mutation: You are frail. (-10% HP) [potion of mutation]
 44947 | Slime:5  | Gained mutation: You are surrounded by a mild repulsion field. (EV +2) [potion of mutation]
 44947 | Slime:5  | Gained mutation: You are partially covered in molten scales. (AC +2) [potion of mutation]
 45031 | Slime:5  | Noticed the Royal Jelly
 45194 | Slime:5  | Killed the Royal Jelly
 45194 | Slime:5  | Reached skill level 5 in Invocations
 45351 | Slime:4  | Gained mutation: You do not regenerate when monsters are visible. [a shining eye]
 46770 | Slime:5  | Gained mutation: Your magical capacity is very low. (-20% MP) [a shining eye]
 47279 | Slime:5  | Got a slimy rune of Zot
 47283 | Slime:5  | Got a warped silver ring
 47348 | Slime:5  | Identified the ring of Tidywari {rPois Str+7 Int+3 Dex+3} (You found it on level 5 of the Pits of Slime)
 47433 | Slime:5  | Lost mutation: You expend magic power (3 MP) to strengthen your wands. [potion of mutation]
 47433 | Slime:5  | Lost mutation: You are clumsy. (Dex -2) [potion of mutation]
 47433 | Slime:5  | Lost mutation: Your magical capacity is very low. (-20% MP) [potion of mutation]
 47433 | Slime:5  | Lost mutation: You are frail. (-10% HP) [potion of mutation]
 47433 | Slime:5  | Gained mutation: Your muscles are strong. (Str +2) [potion of mutation]
 47652 | Slime:5  | Paralysed by a great orb of eyes for 5 turns
 47673 | Slime:5  | Paralysed by a great orb of eyes for 3 turns
 49169 | Elf:2    | Found a huge runed gate.
 49169 | Elf:2    | Found a huge runed gate.
 49170 | Elf:2    | Found a huge runed gate.
 49173 | Elf:2    | Found a huge runed gate.
 49178 | Elf:2    | Found a huge runed gate.
 49343 | Elf:2    | Noticed Louise
 49357 | Elf:2    | Killed Louise
 49697 | Elf:2    | Noticed Saint Roka
 49750 | Elf:2    | Killed Saint Roka
 49929 | Elf:2    | Reached skill level 25 in Shields
 50596 | Elf:3    | Entered Level 3 of the Elven Halls
 51255 | Elf:3    | Reached XP level 21. HP: 200/200 MP: 21/21
 51456 | Elf:3    | Cast into level 3 of the Abyss (a deep elf sorcerer)
 51471 | Elf:3    | Escaped the Abyss
 52282 | Elf:3    | Cast into level 2 of the Abyss (a deep elf demonologist)
 52406 | Elf:3    | Escaped the Abyss
 52420 | Elf:3    | Lost mutation: Your muscles are strong. (Str +2) [a neqoxec]
 52611 | Elf:3    | Cast into level 2 of the Abyss (a deep elf demonologist)
 52644 | Abyss:2  | Lost mutation: You are surrounded by a mild repulsion field. (EV +2) [a neqoxec]
 52809 | Elf:3    | Escaped the Abyss
 52865 | Elf:3    | Identified the Tome of Cloudy Protection
 53356 | Vaults:1 | Entered Level 1 of the Vaults
 53576 | Vaults:1 | You fall through a shaft!
 53762 | Vaults:2 | Noticed Jory
 53781 | Vaults:2 | Killed Jory
 54237 | Vaults:2 | Reached skill level 26 in Shields
 55117 | Vaults:1 | Reached XP level 22. HP: 211/211 MP: 23/23
 56569 | Vaults:2 | Found a staircase to the Crypt.
 57037 | D:8      | Bought a scroll of acquirement for 780 gold pieces
 57459 | Vaults:3 | Reached skill level 27 in Shields
 57489 | Vaults:3 | Reached skill level 15 in Armour
 58139 | Vaults:3 | You fall through a shaft!
 58257 | Vaults:4 | Found a roughly hewn altar of Beogh.
 58949 | Vaults:4 | Noticed Mennas
 58967 | Vaults:4 | HP: 14/322 [two-headed ogre/giant club (16)]
 58967 | Vaults:4 | Slain by a two-headed ogre

Vault maps used:
D:1:      minmay_arrival_four_loops
D:2:      zin_scriptorium, minivault_19, ashenzari_altar_1
D:3:      marbit_many_paths, makhleb_grotto_becter
D:4:      lemuel_doored_altar, minmay_temple_entry_enclosed_plants, uniq_grinder
D:5:      first_bread, serial_shops, shop, uniq_prince_ribbit1
D:6:      grunt_temple_overflow_cloverleaf, serial_bayou_lagoon_b
D:7:      lemuel_crystal_altar, lemuel_round_altar,
          nicolae_ossuary_entry_monument, serial_shops, kennysheep_little_box
D:8:      minmay_statue_hallways, elyvilon_altar_4, lemuel_crystal_altar,
          serial_shops, shop_scrolls, hangedman_abyss_or_decor_lesser_grid
D:9:      yredelemnul_altar_generic, erik_orc_2, serial_shops, shop
D:10:     hangedman_fish_farm
D:11:     basic_altar, kennysheep_decorative_pillar
D:12:     portal_ice_cave_entry_imps, chequers_guarded_unrand_ignorance
D:13:     basic_altar
D:14:     david_vaults_5, bh_walls_and_bars
D:15:     grunt_enter_depths_giant_problem
Temple:   compressed_dpeg_triangle_lava_temple
Lair:1:   beast_lair_carwin_large_3
Lair:2:   beast_lair_carwin_1
Lair:3:   swamp_mist, grunt_megastairs_5, uniq_nergalle
Lair:4:   spider_nest_entry_rubble, lemuel_fruit_fields
Lair:5:   beast_lair_carwin_large_1
Lair:6:   gammafunk_lair_ancient_temple, slime_altar_1, kilobyte_rumbling_trees,
          minmay_lair_oklob_chamber
Swamp:1:  evilmike_swamp_ruin_rubble_1
Swamp:2:  hangedman_swamp_ruin_hall
Swamp:3:  evilmike_swamp_ruin_house_2, uniq_nikola
Swamp:4:  swamp_pestilence
Spider:1: uniq_azrael
Spider:3: spider_trap
Spider:4: floodkiller_spider_rune_tomb, spider_trap
Slime:1:  cheibrodos_slime_lost_civilization_1
Slime:4:  dissolution_awaits
Orc:1:    serial_shops, shop, uniq_snorg
Orc:2:    st_orc_town, serial_shops, nicolae_shop_statue_plus,
          nicolae_volcano_entry_two_sided
Elf:1:    basic_altar, hangedman_elf_represent
Elf:2:    roderic_roman_lattice, grunt_ministairs_9, minivault_25, uniq_louise,
          uniq_saint_roka
Elf:3:    elf_hall_gauntlet_narrow, glass_columns_a, minmay_misc_feat_alley,
          grunt_megastairs_2
Vaults:1: nicolae_vaults_shelves_hall, dpeg_vaults_waves, grunt_vaults_twisty,
          grunt_vaults_trifunnel, dpeg_vaults_monster_box,
          vaults_room_stairs_pillars, nicolae_vaults_circle_grid_a,
          vaults_room_hallway, nicolae_vaults_specimen_jars, serial_glass
Vaults:2: vaults_room_grid, minmay_crypt_entry_skeletal_spiral,
          nicolae_vaults_what_the_h, v_alt_pattern_5, st_spiral_rooms,
          ontoclasm_vaults_decontamination, v_misc_25, uniq_jory
Vaults:3: v_alt_pattern_1, st_octagons_2, nicolae_vaults_three_branches,
          nicolae_vaults_little_squares_2, vaults_dpeg_diagonal,
          hangedman_vaults_capsules, ontoclasm_vaults_hangar, v_misc_19,
          nicolae_vaults_alarming, nicolae_vaults_windows_and_doors_thing,
          nicolae_vaults_circle_grid_a, v_misc_27, nicolae_vaults_shelves_hall
Vaults:4: hangedman_vaults_stretched_pinwheel, vaults_room_fours,
          vaults_dpeg_doors, v_misc_10, vaults_room_grunt_arrival_checkpoint,
          v_misc_10, ontoclasm_vaults_twist, vaults_room_pools,
          nicolae_vaults_little_squares_4, special_room_vaults,
          vaults_room_pool, serial_shops, shop, uniq_mennas
Abyss:2:  hangedman_cross_veins
Abyss:3:  evilmike_abyss_exit_16

Skill      XL: |  1  2  3  4  5  6  7  8  9 10 11 12 13 14 15 16 17 18 19 20 21 22 |
---------------+-------------------------------------------------------------------+-----
Shields        | 4 5 6 7 8 10 12 14 15 17 19 20 22 23 24 25 26 27 | 27.0
Fighting       | 4 5 6 7 9 10 11 12 14 15 16 17 18 19 20 21 | 21.9
Armour         | 4 5 6 7 8 9 11 12 13 14 15 | 15.2
Long Blades    | 3 5 7 9 11 12 14 15 16 17 18 19 20 21 22 | 22.8
Dodging        | 1 2 3 4 5 7 9 10 11 12 | 12.7
Invocations    | 1 2 3 4 5 6 7 |  7.0

Action                   |  1- 3 |  4- 6 |  7- 9 | 10-12 | 13-15 | 16-18 | 19-21 | 22-24 || total
-------------------------+-------+-------+-------+-------+-------+-------+-------+-------++-------
Melee: Long sword        |    80 |   138 |   150 |       |       |       |       |       ||   368
       Headbutt          |    14 |    22 |    78 |   165 |   413 |   627 |   691 |   254 ||  2264
       Scimitar          |       |       |   131 |   607 |  1357 |  1811 |  1774 |   655 ||  6335
Invok: Divine Shield     |       |       |       |     2 |     8 |    24 |    19 |     4 ||    57
       Brand Weapon With |       |       |       |       |       |     1 |       |       ||     1
       Summon Divine War |       |       |       |       |       |     3 |     3 |       ||     6
       Cleansing Flame   |       |       |       |       |       |     4 |     2 |     1 ||     7
Evoke: Wand              |       |       |       |     3 |       |     4 |       |       ||     7
       Box of beasts     |       |       |       |       |       |     1 |       |       ||     1
       Lightning rod     |       |       |       |       |       |       |     8 |       ||     8
       Lamp of fire      |       |       |       |       |       |       |     2 |       ||     2
       Phial of floods   |       |       |       |       |       |       |     2 |       ||     2
  Use: Potion            |       |     1 |     1 |     1 |     5 |    11 |    26 |    13 ||    58
       Scroll            |       |       |    13 |     5 |     8 |    22 |    14 |     4 ||    66
  Eat: Bread ration      |     1 |     1 |     2 |       |     1 |     2 |     9 |     3 ||    19
       Fruit             |       |     2 |       |     1 |     2 |    18 |     8 |       ||    31
       Meat ration       |       |       |     1 |     3 |     5 |     3 |     1 |       ||    13
       Royal jelly       |       |       |       |     2 |     4 |     5 |     1 |       ||    12
       Chunk             |       |       |       |       |       |     2 |       |       ||     2
Armor: Scale mail        |    25 |    19 |       |       |       |       |       |       ||    44
       Chain mail        |       |    22 |    93 |    21 |       |       |       |       ||   136
       Plate armour      |       |       |       |   110 |   271 |     3 |    38 |    38 ||   460
       Swamp dragon scal |       |       |       |       |    88 |   448 |   164 |       ||   700
       Skin              |       |       |       |       |       |       |     5 |    54 ||    59
Dodge: Dodged            |    21 |    38 |    52 |   107 |   310 |   868 |   356 |    75 ||  1827
Block: Shield            |    37 |    43 |   157 |   315 |       |       |       |       ||   552
       Reflection        |       |       |    20 |    41 |    20 |    34 |   114 |    45 ||   274
       Large shield      |       |       |       |    50 |  1376 |  2275 |  1614 |   525 ||  5840
       Rpst.: Long sword |     5 |    12 |     2 |       |       |       |       |       ||    19
       Scimitar          |       |       |    10 |    26 |    45 |   129 |    54 |    12 ||   276
